 Dungeon Crawl Stone Soup version 0.21-a0-104-g7b58145 (webtiles) character file.

528 MackTheKnife the Spear-Bearer (level 7, 0/48 HPs)
             Began as a Merfolk Wanderer on July 6, 2017.
             Splashed by a jelly's acid (9 damage)
             ... on level 5 of the Dungeon.
             The game lasted 00:04:46 (3661 turns).

MackTheKnife the Spear-Bearer (Merfolk Wanderer)    Turns: 3661, Time: 00:04:47

Health: 0/48       AC:  3    Str: 14    XL:     7   Next: 23%
Magic:  7/7        EV: 10    Int:  8    God:
Gold:   143        SH:  0    Dex: 17    Spells: 6/6 levels left

rFire    . . .     SeeInvis .   c - +1 spear
rCold    . . .     Gourm    .   (no shield)
rNeg     . . .     Faith    .   b - +0 ring mail
rPois    .         Spirit   .   (no helmet)
rElec    .         Reflect  .   o - +0 cloak
rCorr    .         Harm     .   (no gloves)
MR       .....                  d - +0 pair of boots
Stlth    +.........             (no amulet)
HPRegen  0.16/turn              (no ring)
MPRegen  0.10/turn              (no ring)

@: corroded, drained
A: change form in water, swift swim, stealthy swim
a: no special abilities


You were on level 5 of the Dungeon.
You were not hungry.

You visited 1 branch of the dungeon, and saw 5 of its levels.

You collected 143 gold pieces.

Inventory:

Hand Weapons
 c - a +1 spear (weapon)
 w - a +0 blowgun
   (You took it off a kobold on level 3 of the Dungeon)
Missiles
 x - 5 poisoned needles
Armour
 b - a +0 ring mail (worn)
 d - a +0 pair of boots (worn)
   (You found it on level 3 of the Dungeon)
 o - a +0 cloak (worn)
   (You found it on level 4 of the Dungeon)
Wands
 a - a wand of confusion (15/48)
Scrolls
 e - a scroll of enchant weapon
 h - a scroll of remove curse
 i - a scroll of amnesia
 j - 4 scrolls of teleportation
 l - 2 scrolls of magic mapping {!r}
 r - a scroll of fear {unknown}
Potions
 g - 2 potions of berserk rage {!q}
 k - 2 potions of flight
 m - a potion of might
 n - 2 potions of curing
 p - a potion of heal wounds {unknown}
 u - a potion of lignification {unknown}
Books
 t - a book of Maledictions
   (You found it on level 3 of the Dungeon)
Comestibles
 f - 3 bread rations {@e1}
 q - 2 royal jellies
 s - a meat ration {@e2}


   Skills:
 - Level 1.1(0.8) Fighting
   Level 1.0(0.7) Maces & Flails
 + Level 10.6(10.3) Polearms
 - Level 1.3(1.1) Armour
 - Level 1.3(1.1) Dodging
 - Level 2.1(1.9) Stealth
   Level 1.0(0.7) Shields
 - Level 1.0(0.7) Evocations


You had 6 spell levels left.
You didn't know any spells.

Dungeon Overview and Level Annotations

Branches:
Dungeon (5/15)
 Temple: D:4-7

Altars:
Hepliaklqana
Wu Jian

Shops:
D:4 %[


Message History

You kill the adder!
No target in view!
As you read the scroll of identify, it crumbles to dust.
g - 2 potions of berserk rage You see here an adder corpse.
o - a cloak You see here 21 sling bullets.
There is a stone staircase leading down here.
Done exploring.
Done exploring.
(D) Dungeon
Where to? (Enter - D:4, ? - help)
Okay, then.
Wear which item? (? for menu, Esc to quit)
You start putting on your armour.
You continue putting on your cloak. x4
You finish putting on your +0 cloak.
(D) Dungeon
Where to? (Enter - D:4, ? - help)
What level of the Dungeon? (default 1, ? - help)
There is a stone staircase leading down here.
You climb downwards.
An adder comes into view.
There is a stone staircase leading up here.
Attack whom?
Aim: an adder (resting)
You reach to attack!
The helpless adder fails to defend itself.
You hit the adder. You hit the adder. The adder closely misses you.
You hit the adder but do no damage. The adder misses you.
You hit the adder. The adder bites you but does no damage.
You miss the adder. You hit the adder. The adder bites you.
You take 4 damage, and have 44/48 hp.
You hit the adder.
You kill the adder!
No target in view!
r - a scroll labeled BIGIEXT DAOTU
n - 2 potions of curing (gained 1)
You now have 143 gold pieces (gained 7).
A jackal comes into view.
A jackal is nearby!
Health restored: 48 No target in view!
No target in view! 2 jackals and a jelly come into view.
The jackal barks!
The jackal moves out of view.
The jelly moves out of view.
A jackal comes into view.
The jackal barks! x2
Attack whom?
Aim: a jackal You reach to attack!
The jelly quivers.
The jackal barks!
You hit the jackal.
You kill the jackal!
Attack whom?
Aim: a jackal You reach to attack!
You hit the jackal. You hit the jackal.
The jackal bites you but does no damage.
You closely miss the jackal. The jackal closely misses you.
The jackal bites you.
You take 1 damage, and have 47/48 hp.
You hit the jackal.
You kill the jackal!
You barely miss the jackal. The jackal barely misses you.
You hit the jackal but do no damage.
The jackal bites you but does no damage.
The jackal bites you.
You take 1 damage, and have 46/48 hp.
You hit the jackal.
The jackal bites you but does no damage. x2
Your ring mail prevents you from hitting the jackal.
The jackal bites you but does no damage.
The jelly jiggles.
The jackal bites you.
You take 1 damage, and have 45/48 hp.
You hit the jelly.
Your hands burn!
The jackal bites you.
A leopard gecko comes into view.
You take 2 damage, and have 43/48 hp.
The jackal bites you but does no damage.
You hit the jelly but do no damage.
Your hands burn!
The jelly hits you.
You are splashed with acid!
The acid burns!
You take 12 damage, and have 32/48 hp.
MASSIVE DAMAGE!!
You hit the jelly. The acid corrodes you!
Your hands burn!
You take 4 damage, and have 28/48 hp.
You are too injured to fight recklessly!
You hit the jelly but do no damage.
Your hands burn!
The jelly hits you.
You are splashed with acid!
The acid burns!
You take 13 damage, and have 15/48 hp.
MASSIVE DAMAGE!!
You hit the jelly but do no damage.
Your hands burn!
* * * LOW HITPOINT WARNING * * *
The jelly hits you.
* * * LOW HITPOINT WARNING * * *
You are splashed with acid!
The acid burns!
You die...

....l ### ..... ##..
%..... ..# ### ......
#.# .. ......# #@# ..
....... #J# ###.
.......##h####..
#....h..##.# #
#........#.# #
#####......###########
#.......##........
#...#......####...
#...####.######.#.


You could see a jelly and 2 jackals.

Vanquished Creatures
  Eustachio (D:4)
  An ogre (D:4)
  A hound (D:4)
  An orc priest (D:4)
  Jessica (D:3)
  A worker ant (D:4)
  A hound skeleton (D:4)
  9 adders
  An ooze (D:1)
  An adder skeleton (D:4)
  3 worms
  2 dart slugs
  A leopard gecko (D:3)
  5 orcs
  4 giant cockroaches (D:1)
  3 goblins
  8 hobgoblins
  16 jackals
  7 kobolds
  A quokka (D:2)
  A ball python (D:2)
  8 bats
  7 frilled lizards
  2 leopard gecko skeletons (D:4)
  11 rats
97 creatures vanquished.

Notes
Turn   | Place    | Note
-------+----------+-------------------------------------------
     0 | D:1      | MackTheKnife the Merfolk Wanderer began the quest for the Orb.
     0 | D:1      | MackTheKnife set off with: a wand of confusion (15/48), a +0 ring mail, a +0 spear, a +0 dagger, a bread ration {@e1}
     0 | D:1      | Reached XP level 1. HP: 15/15 MP: 1/1
    16 | D:1      | Reached skill level 2 in Polearms
    30 | D:1      | Reached skill level 3 in Polearms
    30 | D:1      | Reached XP level 2. HP: 14/21 MP: 2/2
   433 | D:1      | Reached skill level 4 in Polearms
   740 | D:2      | Reached XP level 3. HP: 19/26 MP: 3/3
  1051 | D:2      | Reached skill level 5 in Polearms
  1148 | D:2      | Found a hazy altar of Hepliaklqana.
  1251 | D:2      | Reached XP level 4. HP: 28/32 MP: 4/4
  1636 | D:3      | Reached skill level 6 in Polearms
  1708 | D:3      | Noticed Jessica
  1721 | D:3      | Killed Jessica
  1721 | D:3      | Reached XP level 5. HP: 19/37 MP: 5/5
  2101 | D:3      | Reached skill level 7 in Polearms
  2186 | D:3      | Found an ornate altar of the Wu Jian Council.
  2319 | D:3      | HP: 9/37 [poisoned by a kobold]
  2326 | D:3      | HP: 7/37 [poisoned by a kobold]
  2333 | D:3      | HP: 6/37 [poisoned by a kobold]
  2341 | D:3      | HP: 4/37 [poisoned by a kobold]
  2946 | D:4      | Reached skill level 8 in Polearms
  2984 | D:4      | Found Qiucku's Antique Armour Shoppe.
  2985 | D:4      | Noticed Eustachio
  3091 | D:4      | Killed Eustachio
  3091 | D:4      | Reached skill level 9 in Polearms
  3091 | D:4      | Reached XP level 6. HP: 43/43 MP: 6/6
  3145 | D:4      | Found Foiniunt's Food Emporium.
  3149 | D:4      | Reached skill level 10 in Polearms
  3149 | D:4      | Reached XP level 7. HP: 48/48 MP: 7/7
  3238 | D:4      | HP: 12/48 [poisoned by a worker ant]
  3246 | D:4      | HP: 11/48 [poisoned by a worker ant]
  3591 | D:5      | Entered Level 5 of the Dungeon
  3661 | D:5      | HP: 11/48 [acid (4)]
  3661 | D:5      | Splashed by a jelly's acid

Vault maps used:
D:1:      mrwooster_arrival_arrow, minmay_pentomino_z4
D:2:      lemuel_doored_altar, first_bread
D:3:      old_standard_altar, serial_bayou_pond_a, uniq_jessica
D:4:      serial_shops, shop, nicolae_shop_statue_plus, grunt_ministairs_2,
          uniq_eustachio

Skill      XL: |  1  2  3  4  5  6 |
---------------+-------------------+-----
Polearms       | 3 4 5 6 9 10 | 10.6
Fighting       | |  1.1
Maces & Flails | |  1.0
Armour         | |  1.3
Dodging        | |  1.3
Stealth        | |  2.1
Shields        | |  1.0
Evocations     | |  1.0

Action                   |  1- 3 |  4- 6 |  7- 9 || total
-------------------------+-------+-------+-------++-------
Melee: Spear             |   202 |   241 |    69 ||   512
  Use: Scroll            |       |    11 |     1 ||    12
       Potion            |       |     1 |       ||     1
 Stab: Sleeping          |     2 |     2 |     1 ||     5
  Eat: Chunk             |     1 |     6 |     2 ||     9
Armor: Ring mail         |    51 |    51 |    12 ||   114
Dodge: Dodged            |    84 |    90 |    19 ||   193

Vault maps used:
D:1:      mrwooster_arrival_arrow, minmay_pentomino_z4
D:2:      lemuel_doored_altar, first_bread
D:3:      old_standard_altar, serial_bayou_pond_a, uniq_jessica
D:4:      serial_shops, shop, nicolae_shop_statue_plus, grunt_ministairs_2,
          uniq_eustachio

Table legend:
 A = Turns spent in this place as a percentage of turns spent in the entire game.
 B = Non-inter-level travel turns spent in this place as a percentage of non-inter-level travel turns spent in the entire game.
 C = Inter-level travel turns spent in this place as a percentage of turns spent in this place.
 D = Turns resting spent in this place as a percentage of non-inter-level travel turns spent in this place.
 E = Turns spent auto-exploring this place as a percentage of non-inter-level travel turns spent in this place.
 F = Non-inter-level travel turns spent in this place divided by the number of levels of this place that you've seen.
                   A       B       C       D       E      F
               +-------+-------+-------+-------+-------+----------------------
         Total | 100.0 | 100.0 |   0.3 |   3.0 |   9.3 | 233.8
       Dungeon | 100.0 | 100.0 |   0.3 |   3.0 |   9.3 | 233.8
               +-------+-------+-------+-------+-------+----------------------

Table legend:
 A = Kills in this place as a percentage of kills in entire the game.
 B = Kills by you in this place as a percentage of kills by you in the entire game.
 C = Kills by friends in this place as a percentage of kills by friends in the entire game.
 D = Other kills in this place as a percentage of other kills in the entire game.
 E = Experience gained in this place as a percentage of experience gained in the entire game.
 F = Experience gained in this place divided by the number of levels of this place that you have seen.
                   A       B       C       D       E      F
               +-------+-------+-------+-------+-------+----------------------
         Total | 100.0 | 100.0 |  -nan |  -nan | 100.0 | 151.0
       Dungeon | 100.0 | 100.0 |  -nan |  -nan | 100.0 | 151.0
               +-------+-------+-------+-------+-------+----------------------
